 Dungeon Crawl Stone Soup version 0.27-a0-1217-g8a41f320e8 (webtiles) character file.

Game seed: 16903854145054040178

32 Glokmah the Insei (level 3, 0/23 HPs)
             Began as an Octopode Transmuter on June 6, 2021.
             Slain by Sigmund
             ... wielding a +1 vorpal scythe
              (12 damage)
             ... on level 2 of the Dungeon.
             The game lasted 00:01:37 (1640 turns).

Glokmah the Insei (Octopode Transmuter)             Turns: 1640, Time: 00:01:37

Health: 0/23       AC:  2    Str: 10    XL:     3   Next: 27%
Magic:  0/6        EV: 19    Int: 15    God:
Gold:   53         SH:  0    Dex: 17    Spells: 0/6 levels left

rFire    . . .     SeeInvis .     - Unarmed
rCold    . . .     Faith    .   (shield currently unavailable)
rNeg     . . .     Spirit   .   (helmet currently unavailable)
rPois    x         Reflect  .   (no amulet)
rElec    .         Harm     .   (no ring)
rCorr    .         Rampage  .   (no ring)
Will     .....                  (no ring)
Stlth    ++........             (no ring)
HPRegen  0.07/turn              (no ring)
MPRegen  0.10/turn              (no ring)
                                (no ring)
                                (no ring)

@: spider-form, very slightly contaminated
A: venomous fangs, almost no armour, (amphibious), 8 rings, tiny, (camouflage
1), (gelatinous body 1), (nimble swimmer 1), (tentacles)
a: End Transformation


You were on level 2 of the Dungeon.
You were a venomous arachnid creature.
You visited 1 branch of the dungeon, and saw 2 of its levels.

You collected 53 gold pieces.

Inventory:

Scrolls
 a - 2 scrolls of magic mapping {unknown}
 b - a scroll of silence {unknown}
 c - 2 scrolls of identify {unknown}
Potions
 d - a potion of berserk rage {unknown}
 e - a potion of haste {unknown}


   Skills:
 + Level 1.5 Fighting
 - Level 2.0 Dodging
 * Level 3.4 Unarmed Combat
 + Level 2.2 Spellcasting
 * Level 2.6 Transmutations
 + Level 0.0 Poison Magic


You couldn't memorise any spells.
You knew the following spells:

 Your Spells              Type           Power      Damage    Failure   Level
a - Beastly Appendage     Tmut           18%        N/A       21%         1
b - Wereblood             Tmut           9%         N/A       28%         2
c - Spider Form           Tmut/Pois      2%         N/A       58%         3

Your spell library contained the following spells:

 Spells                   Type           Power      Damage    Failure   Level
 Ice Form                 Ice/Tmut       5%         N/A       90%         4
 Hydra Form               Tmut           4%         N/A       98%         5


Dungeon Overview and Level Annotations

Branches:
Dungeon (2/15)

Altars:

Annotations:
D:2 Sigmund


Innate Abilities, Weirdness & Mutations

You are a venomous arachnid creature.
You have poisonous fangs.
You are tiny and dextrous.
Your spellcasting is less reliable in this form.
Your armour is entirely melded.
You are incapable of wielding weapons or throwing items.
You cannot wear most types of armour.
((You are amphibious.))
You can wear up to eight rings at the same time.
((Your skin changes colour to match your surroundings (Stealth+).))
((Your rubbery body absorbs attacks. (AC +1, EV +1)))
((You are camouflaged near water. (Stealth+)))
((You have tentacles for arms and can constrict up to eight enemies at once.))


Message History

You climb downwards.
There is a stone staircase leading up here.
You climb upwards.
There is a stone staircase leading down here.
There is a stone staircase leading down here.
You climb downwards.
There is a stone staircase leading up here.
Found a hand axe.
Found a scroll labelled RUIP TUTO VETU.
You now have 53 gold pieces (gained 11).
Found a black potion.
a - 2 scrolls labelled RUIP TUTO VETU (gained 1)
e - a black potion
Found a robe.
Sigmund the Dreaded comes into view.
He is wielding a +1 vorpal scythe.
Sigmund shouts!
Casting: Beastly Appendage (safe; 8% risk of failure)
Confirm with . or Enter, or press ? or * to list all spells.
The spell is extremely dangerous to cast (36% risk of failure)!
Continue anyway?
You miscast Spider Form.
You are very lightly contaminated with residual magic.
Nothing appears to happen.
Sigmund closely misses you.
Casting: Spider Form (extremely dangerous; 36% risk of failure)
Confirm with . or Enter, or press ? or * to list all spells.
The spell is extremely dangerous to cast (36% risk of failure)!
Continue anyway?
You turn into a venomous arachnid creature.
Sigmund misses you. Sigmund gestures at you while chanting.
The puff of flame hits you!
You hit Sigmund.
Sigmund is poisoned.
Sigmund is moderately wounded.
Sigmund closely misses you.
You hit Sigmund.
Sigmund looks as sick as possible!
Sigmund is moderately wounded.
Sigmund closely misses you.
You hit Sigmund.
Sigmund looks as sick as possible!
Sigmund is severely wounded.
Sigmund hits you with a +1 vorpal scythe!
Ouch! That really hurt!
You die...

##....#.## ##..<....
......#.. ##....#>#
##....#.# #.
##....#<# .# #.
......#.##.#.#.###
.#...........#.#.####
)............#.@s...#
.#....#.###..#.#.####
.............#...#
.................#
.#......###.##.#.#
.#...##.###.####.#
.#...............#
#...............#
#....#.###.####.#


You could see Sigmund (extremely poisoned).

Vanquished Creatures
  A worm (D:2)
  2 dart slugs (D:1)
  2 ball pythons (D:1)
  3 endoplasms (D:1)
  3 giant cockroaches (D:1)
  A hobgoblin (D:1)
  4 jackals
  A quokka (D:1)
  2 bats (D:1)
  A frilled lizard (D:1)
  3 rats (D:1)
23 creatures vanquished.

Notes
Turn   | Place    | Note
-------+----------+-------------------------------------------
     0 | D:1      | Glokmah the Octopode Transmuter began the quest for the
                  | Orb.
     0 | D:1      | Reached XP level 1. HP: 13/13 MP: 3/3
   336 | D:1      | Reached XP level 2. HP: 18/18 MP: 3/5
   576 | D:1      | Learned a level 2 spell: Wereblood
   807 | D:1      | Reached XP level 3. HP: 23/23 MP: 4/6
  1540 | D:2      | Learned a level 3 spell: Spider Form
  1631 | D:2      | Noticed Sigmund
  1640 | D:2      | Slain by Sigmund

Illustrated notes

Levels and vault maps discovered:
D:1:      evilmike_arrival_crescent, layout_rooms, minivault_4,
          grunt_decor_one_mirror
D:2:      layout_basic, basic_altar, minmay_hexomino_r4, uniq_sigmund

Action                   || total
-------------------------++-------
Melee: Unarmed           ||    54
       Constrict         ||    14
       Kick              ||    11
       Tentacles         ||     8
 Cast: Beastly Appendage ||    11
       Wereblood         ||     2
       Spider Form       ||     1
 Stab: Sleeping          ||     3
Armor: Skin              ||     2
Dodge: Dodged            ||    44

Table legend: (Time is in decaauts)
 A = Elapsed time spent in this place.
 B = Non-inter-level travel time spent in this place.
 C = Inter-level travel time spent in this place.
 D = Time resting spent in this place.
 E = Time spent auto-exploring this place.
 F = Levels seen in this place.
 G = Mean time per level.
                   A        B        C        D        E       F      G
               +--------+--------+--------+--------+--------+-----+--------+
         Total |   1641 |   1530 |    111 |    617 |    712 |   2 |  820.5 |
       Dungeon |   1641 |   1530 |    111 |    617 |    712 |   2 |  820.5 |
               +--------+--------+--------+--------+--------+-----+--------+

Top non-repeatable levels by time:
     D:1: 1346 daAuts
     D:2: 294 daAuts
